 Dungeon Crawl Stone Soup version 0.20-a0-1089-g3fde505 (webtiles) character file.

14485 theAP the Bludgeoner (level 12, 0/82 HPs)
             Began as a Gargoyle Fighter on May 3, 2017.
             Was the Champion of Okawaru.
             Engulfed by an ice statue's freezing vapour (26 damage)
             ... in an ice cave.
             The game lasted 00:18:32 (9424 turns).

theAP the Bludgeoner (Gargoyle Fighter)             Turns: 9424, Time: 00:18:33

Health: 0/82       AC: 21    Str: 20    XL:     12   Next: 17%
Magic:  13/13      EV:  5    Int:  8    God:    Okawaru [******]
Gold:   571        SH:  9    Dex:  9    Spells: 11/11 levels left

rFire    . . .     SeeInvis +   g - +1 whip (elec)
rCold    . . .     Gourm    .   c - +0 shield
rNeg     + . .     Faith    .   u - +0 chain mail
rPois    ∞         Spirit   .   H - +1 hat
rElec    +         Reflect  .   (no cloak)
rCorr    .         Harm     .   (no gloves)
MR       .....                  Q - +1 pair of boots
Stlth    ..........             (no amulet)
Regen    0.3/turn               o - ring of see invisible
MPRegen  0.2/turn               q - +3 ring of slaying

@: no status effects
A: beak, horns 1, blurry vision 1, dopey 1, high mp 1, negative energy
resistance 1, screaming 1, electricity resistance, weak 2, unbreathing,
petrification resistance, rot immunity, AC +8
a: Heroism, Finesse, Renounce Religion


You were in an ice cave.
You worshipped Okawaru.
Okawaru was exalted by your worship.
You were not hungry.

You visited 2 branches of the dungeon, and saw 13 of its levels.
You also visited: Ice Cave.

You collected 571 gold pieces.

Inventory:

Hand Weapons
 a - a +0 flail
 g - a +1 whip of electrocution (weapon)
 h - a +3 flail of protection
Armour
 b - a +0 scale mail
 c - a +0 shield (worn)
 u - a +0 chain mail (worn)
 y - a +0 pair of boots
 H - a +1 hat (worn)
 Q - a +1 pair of boots (worn)
Jewellery
 d - an uncursed ring of poison resistance
 k - an uncursed ring of flight
 o - a ring of see invisible (left hand)
 q - a +3 ring of slaying (right hand)
 s - an uncursed ring of protection from cold
 t - a +5 ring of protection
 B - an uncursed ring of resist corrosion
Wands
 j - a wand of confusion (38/48)
 r - a wand of iceblast (9/15)
 v - a wand of acid (9/15)
 z - a wand of digging (11/24)
 C - a wand of polymorph (4/24)
 I - a wand of enslavement (11/24)
 K - a wand of polymorph (11/24)
Scrolls
 i - 9 scrolls of teleportation
 l - 7 scrolls of remove curse
 n - 2 scrolls of blinking
 D - a scroll of magic mapping
 G - 2 scrolls of amnesia
 M - a scroll of fog
Potions
 e - a potion of cancellation
 w - 3 potions of berserk rage
 x - 2 potions of agility
 A - a potion of invisibility
 E - 2 potions of ambrosia
 F - a potion of lignification
 J - a potion of might
 P - 2 potions of degeneration {unknown}
 R - a potion of curing
Books
 L - a book of Clouds

   Spells                             Type                      Level
   a - Poisonous Vapours              Poison/Air                   2
   b - Mephitic Cloud                 Conjuration/Poison/Air       3
   c - Conjure Flame                  Conjuration/Fire             3
   d - Freezing Cloud                 Conjuration/Ice/Air          6
   e - Ring of Flames                 Charms/Fire                  7
 N - a book of Flames

   Spells                             Type                      Level
   a - Flame Tongue                   Conjuration/Fire             1
   b - Throw Flame                    Conjuration/Fire             2
   c - Conjure Flame                  Conjuration/Fire             3
   d - Inner Flame                    Hexes/Fire                   3
   e - Sticky Flame                   Conjuration/Fire             4
   f - Fireball                       Conjuration/Fire             5
Comestibles
 f - 7 bread rations
 m - 7 meat rations
 p - 4 royal jellies
 O - 3 fruits


   Skills:
 + Level 12.3 Fighting
 * Level 15.2 Maces & Flails
 - Level 3.2 Armour
 - Level 3.2 Shields


You had 11 spell levels left.
You didn't know any spells.

Dungeon Overview and Level Annotations

Branches:
Dungeon (12/15)            Temple (1/1) D:4            Lair (0/6) D:10
    Orc (0/2) D:10

Altars:
Ashenzari
Cheibriados
Dithmenos
Elyvilon
Fedhas
Gozag
Hepliaklqana
Kikubaaqudgha
Makhleb
Nemelex Xobeh
Okawaru
Qazlal
Ru
Sif Muna
Trog
Uskayaw
Vehumet
Wu Jian
Xom
Yredelemnul
Zin
The Shining One

Shops:
D:10 [

Annotations:
D:10 exclusion: oklob plant IceCv exclusion: ice statue


Innate Abilities, Weirdness & Mutations

You are resistant to torment.
Your stone body is resilient. (AC +8)
You are immune to poison.
You resist negative energy. (rN+)
You are resistant to electric shocks. (rElec)
You can survive without breathing.
You are immune to petrification.
You are immune to rotting.
You have a beak for a mouth.
You have a pair of small horns on your head.
Scrolls take you a little longer to read.
You are dopey. (Int -2)
You have an increased reservoir of magic. (+10% MP)
You occasionally shout uncontrollably at your foes.
You are very weak. (Str -4)


Message History

You start resting.
Eating one of 5 chunks of flesh.
You eat one of the 5 chunks of flesh.
This raw flesh tastes terrible.
HP restored.
You see here a polar bear skeleton.
All of the chunks of flesh in your inventory have rotted away.
Found 25 bolts.
Marking area around the ice statue as unsafe for travelling.
An ice statue comes into view.
The ice statue gestures at you. The freezing blast engulfs you!
You are engulfed in freezing vapours.
You are engulfed in freezing vapours.
The ice statue gestures at you. The freezing blast engulfs you!
Found a runed robe.
You are engulfed in freezing vapours.
The ice statue gestures at you. The bolt of cold hits you!
You are engulfed in freezing vapours.
You die...

## #§#
#..#§§####
#.§8§@§##
#[##§§§§.##
##§##§§#
######§#
##.###.§#
#....#..#
##......##
##..###.(≈#
##..#####.##


You could see an ice statue.

Vanquished Creatures
  Gastronok (D:10)
  Harold (D:11)
  2 two-headed ogres
  2 unseen horrors
  Pikel (D:7)
  A cyclops (D:12)
  The ghost of theAP the Basher, a novice GrFi of Okawaru (D:7)
  Maurice (D:9)
  A gargoyle (D:10)
  2 trolls
  3 polar bears (IceCv)
  Prince Ribbit (D:6)
  A hippogriff (D:8)
  2 yaks (IceCv)
  A shadow (D:8)
  2 wyverns (D:9)
  A vampire (D:11)
  A wraith (D:11)
  A hungry ghost (D:8)
  Menkaure (D:5)
  An acid dragon (D:12)
  An orc warrior (D:8)
  A slave (D:7)
  2 ice beasts
  3 sky beasts
  3 necrophages (D:8)
  2 phantoms
  4 ogres
  An eye of draining (D:8)
  2 wolves (IceCv)
  4 centaurs
  A big kobold (D:9)
  3 bullfrogs
  3 scorpions
  A troll skeleton (D:11)
  9 wights
  2 spriggan skeletons (D:11)
  10 howler monkeys
  3 crimson imps
  A quasit (D:8)
  4 bullfrog zombies
  13 hounds
  8 orc priests
  3 jellies
  A gnoll shaman (D:8)
  5 orc wizards
  6 centaur skeletons
  Jessica (D:2)
  10 worker ants
  5 iguanas
  2 hound skeletons
  A howler monkey zombie (D:8)
  4 gnolls
  A howler monkey skeleton (D:8)
  17 adders
  A river rat (D:6)
  A shadow imp (D:8)
  4 oozes
  An adder zombie (D:7)
  5 worms
  6 leopard geckos
  33 orcs
  5 bats
  10 giant cockroaches
  9 goblins
  8 hobgoblins
  17 jackals
  3 quokkas
  5 ball pythons
  5 frilled lizards
  A jackal zombie (D:8)
  14 kobolds
  A leopard gecko zombie (D:6)
  2 quokka zombies
  6 rats
302 creatures vanquished.

Vanquished Creatures (others)
  A yak (IceCv)
  2 wolves (IceCv)
  A wight (D:7)
  A jelly (D:7)
  A worker ant zombie (D:7)
6 creatures vanquished.

Grand Total: 308 creatures vanquished

Notes
Turn   | Place    | Note
-------+----------+-------------------------------------------
     0 | D:1      | theAP the Gargoyle Fighter began the quest for the Orb.
     0 | D:1      | Reached XP level 1. HP: 14/14 MP: 1/1
   131 | D:1      | Reached XP level 2. HP: 18/19 MP: 2/2
   143 | D:1      | Reached XP level 3. HP: 9/24 MP: 3/3
   455 | D:1      | Reached skill level 3 in Maces & Flails
   803 | D:2      | Reached XP level 4. HP: 30/30 MP: 4/4
   983 | D:2      | Noticed Jessica
   989 | D:2      | Killed Jessica
   989 | D:2      | Reached skill level 4 in Maces & Flails
   989 | D:2      | Reached XP level 5. HP: 16/34 MP: 5/5
  1157 | D:3      | Found a stormy altar of Qazlal.
  1193 | D:3      | Found a blossoming altar of Fedhas.
  1248 | D:3      | Found an ornate altar of the Wu Jian Council.
  1301 | D:3      | Found a bloodstained altar of Trog.
  1324 | D:3      | Found a glowing golden altar of the Shining One.
  1851 | D:4      | Found a staircase to the Ecumenical Temple.
  1859 | D:4      | Reached skill level 5 in Fighting
  1859 | D:4      | Reached XP level 6. HP: 29/40 MP: 6/6
  1867 | Temple   | Entered the Ecumenical Temple
  1983 | D:4      | Reached skill level 5 in Maces & Flails
  2053 | D:4      | Found an iron altar of Okawaru.
  2061 | D:4      | Became a worshipper of Warmaster Okawaru
  2271 | D:4      | Reached * piety under Okawaru
  2271 | D:4      | Reached skill level 6 in Maces & Flails
  2271 | D:4      | Reached XP level 7. HP: 30/45 MP: 7/7
  2623 | D:5      | Entered Level 5 of the Dungeon
  2624 | D:5      | Noticed Menkaure
  2627 | D:5      | Killed Menkaure
  2639 | D:5      | Reached skill level 7 in Maces & Flails
  2796 | D:5      | Reached ** piety under Okawaru
  2796 | D:5      | Reached XP level 8. HP: 46/52 MP: 8/8
  3136 | D:5      | Found a blossoming altar of Fedhas.
  3337 | D:6      | Reached skill level 8 in Maces & Flails
  3482 | D:6      | Found a shimmering altar of Xom.
  3514 | D:6      | Found a radiant altar of Vehumet.
  3885 | D:6      | Noticed Prince Ribbit
  3897 | D:6      | Killed Prince Ribbit
  3897 | D:6      | Reached skill level 9 in Maces & Flails
  3932 | D:6      | Found an ancient bone altar of Kikubaaqudgha.
  4169 | D:6      | Reached *** piety under Okawaru
  4169 | D:6      | Reached XP level 9. HP: 58/58 MP: 9/9
  4225 | D:7      | Noticed Pikel
  4251 | D:7      | Killed Pikel
  4251 | D:7      | Reached skill level 10 in Maces & Flails
  4470 | D:7      | Noticed theAP's ghost (novice GrFi)
  4517 | D:7      | Killed theAP's ghost
  4550 | D:7      | Received a gift from Okawaru
  4650 | D:7      | Reached skill level 11 in Maces & Flails
  5119 | D:8      | Reached XP level 10. HP: 44/66 MP: 10/10
  5155 | D:8      | Reached **** piety under Okawaru
  5587 | D:8      | Reached skill level 12 in Maces & Flails
  5681 | D:8      | Noticed a two-headed ogre
  5695 | D:8      | Killed a two-headed ogre
  5695 | D:8      | Reached skill level 10 in Fighting
  5725 | D:8      | Reached ***** piety under Okawaru
  5896 | D:8      | Found an opulent altar of Gozag.
  5897 | D:8      | Found a glowing silver altar of Zin.
  6074 | D:8      | Gained mutation: You occasionally shout uncontrollably at your foes. [mutagenic meat]
  6075 | D:8      | Gained mutation: Scrolls take you a little longer to read. [mutagenic meat]
  6076 | D:8      | Gained mutation: You are dopey. (Int -2) [mutagenic meat]
  6077 | D:8      | Gained mutation: You are weak. (Str -2) [mutagenic meat]
  6078 | D:8      | Gained mutation: You are agile. (Dex +2) [mutagenic meat]
  6481 | D:9      | Noticed Maurice
  6559 | D:9      | Killed Maurice
  6559 | D:9      | Reached skill level 13 in Maces & Flails
  6929 | D:9      | Found a sparkling altar of Nemelex Xobeh.
  6962 | D:9      | Reached XP level 11. HP: 71/73 MP: 11/11
  6975 | D:9      | Gained mutation: You have a pair of small horns on your head. [mutagenic meat]
  7159 | D:9      | Gained mutation: You have an increased reservoir of magic. (+10% MP) [mutagenic meat]
  7161 | D:9      | Gained mutation: You have a beak for a mouth. [mutagenic meat]
  7162 | D:9      | Gained mutation: You are very weak. (Str -4) [mutagenic meat]
  7164 | D:9      | Lost mutation: You are agile. (Dex +2) [mutagenic meat]
  7265 | D:9      | Found a shattered altar of Ashenzari.
  7311 | D:10     | Entered Level 10 of the Dungeon
  7311 | D:10     | Found Pafuv's Antique Armour Shoppe.
  7328 | D:10     | Noticed a two-headed ogre
  7340 | D:10     | Killed a two-headed ogre
  7368 | D:10     | Noticed Gastronok
  7385 | D:10     | Killed Gastronok
  7385 | D:10     | Received a gift from Okawaru
  7385 | D:10     | Reached ****** piety under Okawaru
  7385 | D:10     | Reached skill level 14 in Maces & Flails
  7605 | D:10     | Killed an unseen horror
  7612 | D:10     | Noticed an oklob plant
  7696 | D:10     | Found a staircase to the Orcish Mines.
  7970 | D:10     | Found a staircase to the Lair.
  7995 | D:11     | Noticed Harold
  8002 | D:11     | Killed Harold
  8218 | D:11     | Received a gift from Okawaru
  8296 | D:11     | Noticed an unseen horror
  8299 | D:11     | Killed an unseen horror
  8299 | D:11     | Received a gift from Okawaru
  8381 | D:11     | Reached XP level 12. HP: 40/81 MP: 13/13
  8773 | D:12     | Found a frozen archway.
  8786 | D:12     | Reached skill level 15 in Maces & Flails
  8944 | IceCv    | Entered an ice cave
  9424 | IceCv    | Engulfed by an ice statue's freezing vapour

Vault maps used:
D:1:      lightli_arrival_statuegarden
D:2:      minmay_misc_feat_hallway, kennysheep_cross_room, uniq_jessica
D:3:      kennysheep_six_static_rooms, grunt_temple_overflow_forces_of_nature,
          nicolae_overflow_crystal_walls, old_standard_altar, old_standard_altar
D:4:      cheibrodos_barr_body, lemuel_coloured_pillars_altar, temple_statues
D:5:      first_bread, fedhas_bush_and_centaur_altar, uniq_menkaure
D:6:      lemuel_round_altar, marbit_many_paths, kennysheep_little_box,
          portal_sewer_entry_e, hex_large, uniq_prince_ribbit1
D:7:      uniq_pikel
D:8:      grunt_temple_overflow_gold_and_silver, serial_undead, serial_undead_a,
          serial_undead_a, serial_undead_d, serial_undead_e
D:9:      kennysheep_mini_moat, nemelex_xobeh_ov_fountains_minmay, uniq_maurice
D:10:     dpeg_oklobed_lair, orc_0_dummy, serial_shops, nicolae_shop_waterfront,
          uniq_gastronok
D:11:     hangedman_tell_no_tales, uniq_harold
D:12:     portal_ice_cave_entry_pillars_1, uniq_nessos, uniq_nergalle,
          uniq_snorg
Temple:   dpeg_three_leaves_temple
IceCv:    ice_cave_caverns_02

Skill      XL: |  1  2  3  4  5  6  7  8  9 10 11 12 |
---------------+-------------------------------------+-----
Maces & Flails | 3 4 6 7 9 11 13 14 15 | 15.2
Fighting       | 4 5 6 7 9 10 12 | 12.3
Armour         | |  3.2
Shields        | |  3.2

Action                   |  1- 3 |  4- 6 |  7- 9 | 10-12 || total
-------------------------+-------+-------+-------+-------++-------
Melee: Flail             |   101 |   189 |   225 |       ||   515
       Whip              |       |       |   159 |   579 ||   738
       Headbutt          |       |       |       |    61 ||    61
       Peck              |       |       |       |    59 ||    59
Evoke: Wand              |       |       |     2 |       ||     2
  Use: Potion            |     1 |       |       |     6 ||     7
       Scroll            |       |       |    16 |     3 ||    19
  Eat: Chunk             |       |     5 |     9 |    15 ||    29
       Fruit             |       |       |       |     8 ||     8
       Royal jelly       |       |       |       |     3 ||     3
Armor: Scale mail        |    82 |   126 |    13 |       ||   221
       Chain mail        |       |       |   162 |   311 ||   473
Dodge: Dodged            |    60 |    76 |    49 |    62 ||   247
Block: Shield            |    89 |   128 |   158 |   199 ||   574
